Capitals vs Golden Seals

Created - 21 avril 2024 at 17:08

Goals
1 2 3 OT1 SO T
Capitals 1 0 2 0 0 3
Golden Seals 0 2 1 0 1 4
Shots
1 2 3 OT1 SO T
Capitals 18 5 16 2 3 41
Golden Seals 12 14 8 1 2 35

GoalsPenalties
1st period
1. Capitals , Joel Armia 11 (Quinton Byfield 12, Cam York 11) at 19:05
Dysin Mayo (CLF) for Hooking (Minor) at 1:08
2nd period
2. Golden Seals , Jaden Schwartz 19 (Max Domi 41, William Karlsson 34) at 6:12
3. Golden Seals , Nick Suzuki 38 (Jason Robertson 48) at 9:57 (PP)
Derek Grant (WAS) for Tripping (Minor) at 9:46
3rd period
4. Capitals , Jake Guentzel 30 (Joel Eriksson Ek 36, Oliver Ekman-Larsson 19) at 1:30 (PP)
5. Capitals , Elias Pettersson 29 (Cam York 12, Kyle Palmieri 21) at 7:36
6. Golden Seals , Nick Suzuki 39 (Jason Robertson 49, Jake McCabe 16) at 19:31
Max Domi (CLF) for Roughing (Minor) at 1:15
Derek Grant (WAS) for Roughing (Minor) at 13:56
Overtime #1
No Goal
Shootout
Capitals, Jake Guentzel - Stopped by Andrei Vasilevskiy
Golden Seals, Nick Suzuki - Stopped by Robin Lehner
Capitals, Joel Eriksson Ek - Stopped by Andrei Vasilevskiy
Golden Seals, Jason Robertson - Goal!
Capitals, Elias Pettersson - Shot Misses the Net
Goalie Stats
Robin Lehner (WAS), 32 saves from 35 shots - (0,914), OTL, 14-17-5, 65:00 minutes
Andrei Vasilevskiy (CLF), 38 saves from 41 shots - (0,927), W, 32-16-8, 64:33 minutes
3 StarsOfficial
1 - Nick Suzuki (CLF)
2 - Cam York (WAS)
3 - Jason Robertson (CLF)
Referees : Chris Rooney and Brad Meier
Linesman : Kiel Murchison and Pierre Racicot
Game Note
No Game Note
Finance
Level 1 -- Attendance: 6000 (100,00%) -- Ticket Income $360,000
Level 2 -- Attendance: 5000 (100,00%) -- Ticket Income $175,000
Level 3 -- Attendance: 2000 (100,00%) -- Ticket Income $32,000
Level 4 -- Attendance: 4000 (100,00%) -- Ticket Income $40,000
Luxury Box -- Attendance: 989 (98,90%) -- Ticket Income $98,900
Game was played at the Sideburns Coliseum.
Total Attendance: 17989 (99,94%)
Total Ticket Income: $705,900
Other Income: $345,891
Total Income: $1,051,791



Team Name Goals Shots Shots Attemp Shots Blocked PIM HIT PP PK FO%
Capitals 34167144321 / 2 (50%)140%
Golden Seals 43570134211 / 2 (50%)160%

Capitals
Player Name POS G A P +/- PIM HIT SHT SB MP PP MP PP SHT PK MP PK SHT FO% FOT GA TA
Adam FantilliC0000014013:090:0000:0000% 011
Adam LowryC/LW0000022017:230:0000:00067% 2400
Andrew CoglianoC/LW/RW0001002016:460:5501:14018% 1101
Cal ClutterbuckLW/RW000-1041015:461:1500:0000% 201
Cam YorkD0221042319:540:0001:1700% 002
Damon SeversonD0000011019:591:2800:0000% 000
Derek GrantC0000411013:080:0000:00042% 1200
Elias PetterssonLW1011005118:070:5500:2500% 110
Isac LundestromC/LW0000011111:540:0400:3100% 000
Jake GuentzelC/LW101-1047020:061:1910:25020% 510
Joel ArmiaLW/RW1010014111:320:0000:310100% 110
Joel Eriksson EkC/LW/RW011-1021019:151:1900:0000% 100
Justin SchultzD000-1003222:590:4601:1700% 000
Kyle PalmieriLW/RW0111033117:200:5500:0000% 100
Marc-Edouard VlasicD0000000319:360:4600:5300% 001
Oliver Ekman-LarssonD011-1021124:541:2800:0000% 001
Quinton ByfieldC0110022013:220:0001:14020% 1000
Zach BogosianD0001041117:380:0000:5300% 001
Golden Seals
Player Name POS G A P +/- PIM HIT SHT SB MP PP MP PP SHT PK MP PK SHT FO% FOT GA TA
Barclay GoodrowC/LW/RW000-101218:020:0000:00033% 600
Bobby BrinkRW000-1013011:320:0000:0000% 000
Cody CeciD0000041121:480:0001:1400% 001
Colton ParaykoD0000010225:061:2801:1400% 000
Dmitry KulikovD0000020116:110:0001:0000% 000
Dysin MayoD0000210115:320:0000:0000% 000
Jaden SchwartzLW/RW1011023017:120:5200:00050% 200
Jake McCabeD0111012223:490:4200:4400% 001
Jason RobertsonLW/RW0221027123:451:1801:16075% 400
Jonatan BerggrenC/LW/RW000-101007:320:0000:000100% 100
Jonathan ToewsC000-1003015:571:2800:46060% 1000
Max DomiC/LW0111210018:340:5200:22050% 241
Nick SuzukiC/RW2021017223:521:1811:12063% 2721
Ondrej KaseLW/RW000-100207:550:0000:00050% 200
Robby FabbriC/LW/RW000-1021013:360:4200:0000% 010
Ryan SuterD000-1001120:340:0000:1600% 000
Tyler ToffoliC/LW/RW0001010022:181:1800:000100% 110
William KarlssonC0111003119:290:5200:52062% 1300

Capitals

5 vs 5 Forward
Line #Left WingCenterRight WingPHYDFOFWanted %Time %Time Play
1Jake GuentzelAdam LowryJoel Eriksson Ek1133029%15:56
2Elias PetterssonAndrew CoglianoKyle Palmieri1222828%15:07
3Adam FantilliDerek GrantCal Clutterbuck1312624%13:09
4Isac LundestromQuinton ByfieldJoel Armia1311619%10:41
5 vs 5 Defense
Line #DefenseDefensePHYDFOFWanted %Time %Time Play
1Justin SchultzOliver Ekman-Larsson1223029%15:51
2Damon SeversonMarc-Edouard Vlasic1223032%17:20
3Cam YorkZach Bogosian1223031%16:45
4Justin SchultzOliver Ekman-Larsson122109%4:57
Power Play Forward
Line #Left WingCenterRight WingPHYDFOFWanted %Time %Time Play
1Cal ClutterbuckJake GuentzelJoel Eriksson Ek1226059%1:19
2Elias PetterssonAndrew CoglianoKyle Palmieri1224041%0:55
Power Play Defense
Line #DefenseDefensePHYDFOFWanted %Time %Time Play
1Damon SeversonOliver Ekman-Larsson1226066%1:28
2Justin SchultzMarc-Edouard Vlasic1224034%0:46
Penalty Kill 4 Players Forward
Line #CenterWingPHYDFOFWanted %Time %Time Play
1Quinton ByfieldAndrew Cogliano1316076%1:39
2Isac LundestromJoel Armia1314024%0:31
Penalty Kill 4 Players Defense
Line #DefenseDefensePHYDFOFWanted %Time %Time Play
1Cam YorkJustin Schultz1226059%1:17
2Zach BogosianMarc-Edouard Vlasic1224041%0:53
Penalty Kill 3 Players
Line #WingPHYDFOFWanted %Time %Time PlayDefenseDefensePHYDFOFWanted %Time %Time Play
1Quinton Byfield122600%0:00 Justin SchultzZach Bogosian122600%0:00
2Andrew Cogliano122400%0:00 Cam YorkMarc-Edouard Vlasic122400%0:00
4 vs 4 Forward
Line #CenterWingPHYDFOFWanted %Time %Time Play
1Joel Eriksson EkJake Guentzel122600%0:00
2Cal ClutterbuckElias Pettersson122400%0:00
4 vs 4 Defense
Line #DefensePHYDFOFWanted %Time %Time Play
1Justin SchultzOliver Ekman-Larsson122600%0:00
2Damon SeversonMarc-Edouard Vlasic122400%0:00
Last Minutes Offensive
Left WingCenterRight WingDefenseDefense
Joel Eriksson EkJake GuentzelCal ClutterbuckDamon SeversonOliver Ekman-Larsson
Last Minutes Defensive
Left WingCenterRight WingDefenseDefense
Joel Eriksson EkJake GuentzelCal ClutterbuckJustin SchultzOliver Ekman-Larsson
Time
Total ForwardTotal DefenseLast Minutes OffensiveLast Minutes Defensive
60:00 60:00 0:000:43
Extra Forwards
Normal PowerPlayPenalty Kill
Jake Guentzel, Joel Eriksson Ek, Cal ClutterbuckJoel Eriksson Ek, Jake GuentzelJake Guentzel
Extra Defensemen
Normal PowerPlayPenalty Kill
Justin Schultz, Damon Severson, Cam YorkJustin Schultz, Damon SeversonCam York
Penalty Shots
Jake Guentzel, Joel Eriksson Ek, Elias Pettersson, Kyle Palmieri, Cal Clutterbuck
Goalie
Robin Lehner, Samuel Montembeault
Custom OT Lines Forwards
Jake Guentzel, Joel Eriksson Ek, Elias Pettersson, Adam Lowry, Quinton Byfield, Kyle Palmieri, Isac Lundestrom, Joel Armia, Andrew Cogliano, Cal Clutterbuck
Custom OT Lines Defensemen
Oliver Ekman-Larsson, Cam York, Marc-Edouard Vlasic, Damon Severson, Justin Schultz
Scratches
Anders Bjork (Healthy), Nathan Beaulieu (Healthy), Brandon Bussi (Healthy)

Golden Seals

5 vs 5 Forward
Line #Left WingCenterRight WingPHYDFOFWanted %Time %Time Play
1Tyler ToffoliNick SuzukiJason Robertson0233735%19:02
2Max DomiWilliam KarlssonJaden Schwartz0233032%17:24
3Robby FabbriJonathan ToewsBobby Brink0232321%11:32
4Jonatan BerggrenBarclay GoodrowOndrej Kase0231013%6:56
5 vs 5 Defense
Line #DefenseDefensePHYDFOFWanted %Time %Time Play
1Colton ParaykoJake McCabe0413837%20:21
2Cody CeciRyan Suter0413535%19:02
3Dmitry KulikovDysin Mayo0412728%15:11
4Cody CeciJake McCabe12201%0:20
Power Play Forward
Line #Left WingCenterRight WingPHYDFOFWanted %Time %Time Play
1Tyler ToffoliNick SuzukiJason Robertson0056060%1:18
2Max DomiWilliam KarlssonJaden Schwartz0054040%0:52
Power Play Defense
Line #DefenseDefensePHYDFOFWanted %Time %Time Play
1Jonathan ToewsColton Parayko0146068%1:28
2Robby FabbriJake McCabe0144032%0:42
Penalty Kill 4 Players Forward
Line #CenterWingPHYDFOFWanted %Time %Time Play
1Jason RobertsonNick Suzuki1316066%1:28
2Jonathan ToewsWilliam Karlsson1314034%0:46
Penalty Kill 4 Players Defense
Line #DefenseDefensePHYDFOFWanted %Time %Time Play
1Colton ParaykoCody Ceci1406055%1:14
2Dmitry KulikovDysin Mayo1404045%1:00
Penalty Kill 3 Players
Line #WingPHYDFOFWanted %Time %Time PlayDefenseDefensePHYDFOFWanted %Time %Time Play
1Nick Suzuki050600%0:00 Colton ParaykoCody Ceci050600%0:00
2William Karlsson050400%0:00 Dmitry KulikovDysin Mayo050400%0:00
4 vs 4 Forward
Line #CenterWingPHYDFOFWanted %Time %Time Play
1Nick SuzukiJason Robertson122600%0:00
2William KarlssonTyler Toffoli122400%0:00
4 vs 4 Defense
Line #DefensePHYDFOFWanted %Time %Time Play
1Colton ParaykoJake McCabe131600%0:00
2Cody CeciDmitry Kulikov131400%0:00
Last Minutes Offensive
Left WingCenterRight WingDefenseDefense
Tyler ToffoliNick SuzukiJason RobertsonWilliam KarlssonJonathan Toews
Last Minutes Defensive
Left WingCenterRight WingDefenseDefense
Barclay GoodrowWilliam KarlssonNick SuzukiColton ParaykoCody Ceci
Time
Total ForwardTotal DefenseLast Minutes OffensiveLast Minutes Defensive
60:00 60:00 0:420:00
Extra Forwards
Normal PowerPlayPenalty Kill
Ondrej Kase, Jonatan Berggren, Barclay GoodrowJonatan Berggren, Bobby BrinkWilliam Karlsson
Extra Defensemen
Normal PowerPlayPenalty Kill
Ryan Suter, Dmitry Kulikov, Jake McCabeRyan Suter, Jake McCabeRyan Suter
Penalty Shots
Nick Suzuki, Jason Robertson, Tyler Toffoli, Jonathan Toews, William Karlsson
Goalie
Andrei Vasilevskiy, Pheonix Copley
Custom OT Lines Forwards
Nick Suzuki, Jason Robertson, Tyler Toffoli, Jonathan Toews, William Karlsson, Max Domi, Jaden Schwartz, Robby Fabbri, Jonatan Berggren, Bobby Brink
Custom OT Lines Defensemen
Colton Parayko, Jake McCabe, Ryan Suter, Cody Ceci, Dmitry Kulikov
Scratches
Kurtis MacDermid (Healthy), Nick Cousins (Healthy), Robert Hagg (Healthy)


Play-by-Play

1st period


0:01 of 1st period - Nick Suzuki wins face-off versus Adam Lowry in neutral zone.
0:05 of 1st period - Off-side.
0:06 of 1st period - Adam Lowry wins face-off versus Nick Suzuki in neutral zone.
0:43 of 1st period - Snap shot by William Karlsson.
0:43 of 1st period - Shot Blocked by Justin Schultz.
1:05 of 1st period - Snap shot by Adam Fantilli.
1:05 of 1st period - Stopped by Andrei Vasilevskiy without a rebound.
1:06 of 1st period - Barclay Goodrow wins face-off versus Quinton Byfield in Golden Seals zone.
1:08 of 1st period - Minor Penalty to Dysin Mayo for Hooking.
1:09 of 1st period - Jason Robertson wins face-off versus Cal Clutterbuck in Golden Seals zone.
3:08 of 1st period - Penalty to Dysin Mayo is over, Dysin Mayo is back on ice.
3:12 of 1st period - Snap shot by Jonathan Toews.
3:12 of 1st period - Shot Misses the Net.
3:20 of 1st period - Dysin Mayo is hit by Quinton Byfield and loses puck.
3:37 of 1st period - Snap shot by Ondrej Kase.
3:37 of 1st period - Deflect By Barclay Goodrow.
3:37 of 1st period - Stopped by Robin Lehner without a rebound.
3:38 of 1st period - Barclay Goodrow wins face-off versus Quinton Byfield in Capitals zone.
4:01 of 1st period - Snap shot by Kyle Palmieri.
4:01 of 1st period - Stopped by Andrei Vasilevskiy with a rebound.
4:03 of 1st period - Slapshot by Damon Severson.
4:03 of 1st period - Stopped by Andrei Vasilevskiy with a rebound.
4:32 of 1st period - Snap shot by Jake Guentzel.
4:32 of 1st period - Stopped by Andrei Vasilevskiy without a rebound.
4:33 of 1st period - Adam Lowry wins face-off versus Jonathan Toews in Golden Seals zone.
5:00 of 1st period - Cody Ceci is hit by Damon Severson and loses puck.
5:07 of 1st period - Wrist shot by Elias Pettersson.
5:07 of 1st period - Shot Misses the Net.
5:09 of 1st period - Snap shot by Elias Pettersson.
5:09 of 1st period - Stopped by Andrei Vasilevskiy with a rebound.
5:11 of 1st period - Snap shot by Andrew Cogliano.
5:11 of 1st period - Stopped by Andrei Vasilevskiy without a rebound.
5:12 of 1st period - Nick Suzuki wins face-off versus Derek Grant in Golden Seals zone.
5:12 of 1st period - Nick Suzuki is hit by Cal Clutterbuck.
5:24 of 1st period - Slapshot by Nick Suzuki.
5:24 of 1st period - Stopped by Robin Lehner without a rebound.
5:25 of 1st period - Nick Suzuki wins face-off versus Andrew Cogliano in Capitals zone.
5:51 of 1st period - Joel Eriksson Ek is hit by Cody Ceci and loses puck.
5:58 of 1st period - Snap shot by Jaden Schwartz.
5:58 of 1st period - Stopped by Robin Lehner with a rebound.
6:33 of 1st period - Off-side.
6:34 of 1st period - Joel Armia wins face-off versus Barclay Goodrow in neutral zone.
7:01 of 1st period - Slapshot by Jaden Schwartz.
7:01 of 1st period - Shot Misses the Net.
7:03 of 1st period - Snap shot by Jaden Schwartz.
7:03 of 1st period - Shot Misses the Net.
7:05 of 1st period - Wrist shot by Jake McCabe.
7:05 of 1st period - Shot Blocked by Cam York.
7:07 of 1st period - Slapshot by Jaden Schwartz.
7:07 of 1st period - Shot Blocked by Isac Lundestrom.
7:09 of 1st period - Wrist shot by William Karlsson.
7:09 of 1st period - Stopped by Robin Lehner without a rebound.
7:10 of 1st period - Nick Suzuki wins face-off versus Andrew Cogliano in Capitals zone.
7:11 of 1st period - Snap shot by Jason Robertson.
7:11 of 1st period - Stopped by Robin Lehner without a rebound.
7:12 of 1st period - Jason Robertson wins face-off versus Andrew Cogliano in Capitals zone.
7:44 of 1st period - Slapshot by Elias Pettersson.
7:44 of 1st period - Stopped by Andrei Vasilevskiy without a rebound.
7:45 of 1st period - Jonathan Toews wins face-off versus Jake Guentzel in Golden Seals zone.
8:53 of 1st period - Icing by Elias Pettersson.
8:54 of 1st period - Jonathan Toews wins face-off versus Andrew Cogliano in Capitals zone.
8:55 of 1st period - Wrist shot by Bobby Brink.
8:55 of 1st period - Deflect By Robby Fabbri.
8:55 of 1st period - Shot Misses the Net.
8:55 of 1st period - Puck is out of play.
8:56 of 1st period - Adam Lowry wins face-off versus Jonathan Toews in Capitals zone.
9:01 of 1st period - Snap shot by Jake Guentzel.
9:01 of 1st period - Stopped by Andrei Vasilevskiy with a rebound.
9:03 of 1st period - Slapshot by Jake Guentzel.
9:03 of 1st period - Stopped by Andrei Vasilevskiy without a rebound.
9:04 of 1st period - Adam Lowry wins face-off versus Jonathan Toews in Golden Seals zone.
10:21 of 1st period - Wrist shot by Joel Eriksson Ek.
10:21 of 1st period - Stopped by Andrei Vasilevskiy without a rebound.
10:22 of 1st period - Nick Suzuki wins face-off versus Derek Grant in Golden Seals zone.
10:27 of 1st period - Damon Severson is hit by Colton Parayko and loses puck.
10:34 of 1st period - Wrist shot by Adam Fantilli.
10:34 of 1st period - Stopped by Andrei Vasilevskiy without a rebound.
10:35 of 1st period - Andrew Cogliano wins face-off versus Nick Suzuki in Golden Seals zone.
10:36 of 1st period - Snap shot by Elias Pettersson.
10:36 of 1st period - Stopped by Andrei Vasilevskiy without a rebound.
10:37 of 1st period - Nick Suzuki wins face-off versus Andrew Cogliano in Golden Seals zone.
10:37 of 1st period - Nick Suzuki is hit by Zach Bogosian.
10:45 of 1st period - Wrist shot by Kyle Palmieri.
10:45 of 1st period - Stopped by Andrei Vasilevskiy with a rebound.
11:40 of 1st period - Icing by Dysin Mayo.
11:41 of 1st period - Ondrej Kase wins face-off versus Andrew Cogliano in Golden Seals zone.
12:12 of 1st period - Slapshot by William Karlsson.
12:12 of 1st period - Shot Misses the Net.
12:14 of 1st period - Wrist shot by Jaden Schwartz.
12:14 of 1st period - Stopped by Robin Lehner without a rebound.
12:15 of 1st period - William Karlsson wins face-off versus Andrew Cogliano in Capitals zone.
13:42 of 1st period - Off-side.
13:43 of 1st period - William Karlsson wins face-off versus Andrew Cogliano in neutral zone.
14:10 of 1st period - Derek Grant is hit by Jason Robertson and loses puck.
14:17 of 1st period - Snap shot by Nick Suzuki.
14:17 of 1st period - Stopped by Robin Lehner without a rebound.
14:18 of 1st period - Adam Lowry wins face-off versus Nick Suzuki in Capitals zone.
15:14 of 1st period - Wrist shot by Bobby Brink.
15:14 of 1st period - Shot Misses the Net.
15:24 of 1st period - Slapshot by Ondrej Kase.
15:24 of 1st period - Stopped by Robin Lehner without a rebound.
15:25 of 1st period - Quinton Byfield wins face-off versus Barclay Goodrow in Capitals zone.
15:25 of 1st period - Quinton Byfield is hit by Jonatan Berggren.
15:31 of 1st period - Slapshot by Justin Schultz.
15:31 of 1st period - Deflect By Joel Armia.
15:31 of 1st period - Shot Misses the Net.
15:31 of 1st period - Puck is out of play.
15:32 of 1st period - Nick Suzuki wins face-off versus Quinton Byfield in Golden Seals zone.
15:43 of 1st period - Slapshot by Nick Suzuki.
15:43 of 1st period - Stopped by Robin Lehner with a rebound.
15:49 of 1st period - Slapshot by Quinton Byfield.
15:49 of 1st period - Shot Blocked by Jason Robertson.
15:51 of 1st period - Slapshot by Oliver Ekman-Larsson.
15:51 of 1st period - Shot Blocked by Nick Suzuki.
15:53 of 1st period - Slapshot by Isac Lundestrom.
15:53 of 1st period - Shot Blocked by Nick Suzuki.
15:55 of 1st period - Slapshot by Justin Schultz.
15:55 of 1st period - Shot Blocked by Jake McCabe.
16:16 of 1st period - Wrist shot by Quinton Byfield.
16:16 of 1st period - Stopped by Andrei Vasilevskiy without a rebound.
16:17 of 1st period - Adam Lowry wins face-off versus William Karlsson in Golden Seals zone.
16:26 of 1st period - Snap shot by William Karlsson.
16:26 of 1st period - Shot Misses the Net.
16:28 of 1st period - Snap shot by Max Domi.
16:28 of 1st period - Shot Misses the Net.
16:44 of 1st period - Cody Ceci is hit by Adam Fantilli and loses puck.
16:49 of 1st period - Wrist shot by Adam Fantilli.
16:49 of 1st period - Stopped by Andrei Vasilevskiy without a rebound.
16:50 of 1st period - Jonathan Toews wins face-off versus Kyle Palmieri in Golden Seals zone.
17:07 of 1st period - Off-side.
17:08 of 1st period - Nick Suzuki wins face-off versus Adam Lowry in neutral zone.
17:43 of 1st period - Snap shot by Derek Grant.
17:43 of 1st period - Shot Blocked by Colton Parayko.
17:45 of 1st period - Snap shot by Derek Grant.
17:45 of 1st period - Shot Misses the Net.
17:59 of 1st period - Snap shot by Quinton Byfield.
17:59 of 1st period - Stopped by Andrei Vasilevskiy without a rebound.
18:00 of 1st period - Nick Suzuki wins face-off versus Quinton Byfield in Golden Seals zone.
18:05 of 1st period - Slapshot by Nick Suzuki.
18:05 of 1st period - Shot Blocked by Marc-Edouard Vlasic.
18:07 of 1st period - Slapshot by Ryan Suter.
18:07 of 1st period - Stopped by Robin Lehner with a rebound.
18:09 of 1st period - Wrist shot by Jason Robertson.
18:09 of 1st period - Shot Misses the Net.
18:11 of 1st period - Slapshot by Cody Ceci.
18:11 of 1st period - Stopped by Robin Lehner with a rebound.
18:17 of 1st period - Snap shot by Jason Robertson.
18:17 of 1st period - Shot Blocked by Marc-Edouard Vlasic.
18:45 of 1st period - Joel Armia is hit by Cody Ceci and loses puck.
18:52 of 1st period - Jonatan Berggren is hit by Joel Armia and loses puck.
19:01 of 1st period - Snap shot by Joel Armia.
19:01 of 1st period - Shot Misses the Net.
19:03 of 1st period - Wrist shot by Joel Armia.
19:03 of 1st period - Shot Blocked by Barclay Goodrow.
19:05 of 1st period - Snap shot by Joel Armia.
19:05 of 1st period - Goal by Joel Armia - Capitals : 1 - Golden Seals : 0.
19:06 of 1st period - William Karlsson wins face-off versus Adam Lowry in neutral zone.
19:08 of 1st period - Off-side.
19:09 of 1st period - William Karlsson wins face-off versus Adam Lowry in neutral zone.
19:14 of 1st period - Wrist shot by William Karlsson.
19:14 of 1st period - Shot Misses the Net.
19:20 of 1st period - William Karlsson is hit by Joel Eriksson Ek and loses puck.
19:25 of 1st period - Wrist shot by Jake Guentzel.
19:25 of 1st period - Stopped by Andrei Vasilevskiy with a rebound.
19:59 of 1st period - Slapshot by Jason Robertson.
19:59 of 1st period - Stopped by Robin Lehner with a rebound.
Goals for this period are 1 for Capitals vs 0 for Golden Seals.
Shots for this period are 18 for Capitals vs 12 for Golden Seals.

2nd period


0:01 of 2nd period - Andrew Cogliano wins face-off versus Nick Suzuki in neutral zone.
0:19 of 2nd period - Marc-Edouard Vlasic is hit by Tyler Toffoli and loses puck.
0:44 of 2nd period - Kyle Palmieri is hit by Jason Robertson and loses puck.
1:01 of 2nd period - Wrist shot by Kyle Palmieri.
1:01 of 2nd period - Deflect By Elias Pettersson.
1:01 of 2nd period - Stopped by Andrei Vasilevskiy with a rebound.
1:25 of 2nd period - Dmitry Kulikov is hit by Kyle Palmieri and loses puck.
2:15 of 2nd period - Wrist shot by Jason Robertson.
2:15 of 2nd period - Stopped by Robin Lehner with a rebound.
2:31 of 2nd period - Wrist shot by Kyle Palmieri.
2:31 of 2nd period - Shot Blocked by Dysin Mayo.
3:05 of 2nd period - Wrist shot by Elias Pettersson.
3:05 of 2nd period - Shot Misses the Net.
3:07 of 2nd period - Wrist shot by Andrew Cogliano.
3:07 of 2nd period - Stopped by Andrei Vasilevskiy without a rebound.
3:08 of 2nd period - William Karlsson wins face-off versus Adam Lowry in Golden Seals zone.
3:13 of 2nd period - Jake McCabe is hit by Cam York.
3:46 of 2nd period - Snap shot by Jonathan Toews.
3:46 of 2nd period - Deflect By Bobby Brink.
3:46 of 2nd period - Shot Blocked by Cam York.
3:46 of 2nd period - Puck is out of play.
3:47 of 2nd period - Jonatan Berggren wins face-off versus Derek Grant in Capitals zone.
4:13 of 2nd period - Max Domi is hit by Jake Guentzel.
5:02 of 2nd period - Wrist shot by Barclay Goodrow.
5:02 of 2nd period - Shot Misses the Net.
5:17 of 2nd period - Ryan Suter is hit by Cam York.
5:18 of 2nd period - Icing by Ryan Suter.
5:19 of 2nd period - Jaden Schwartz wins face-off versus Quinton Byfield in Golden Seals zone.
5:41 of 2nd period - Justin Schultz is hit by Cody Ceci and loses puck.
5:48 of 2nd period - Snap shot by William Karlsson.
5:48 of 2nd period - Stopped by Robin Lehner with a rebound.
5:50 of 2nd period - Wrist shot by Max Domi.
5:50 of 2nd period - Shot Misses the Net.
5:52 of 2nd period - Slapshot by William Karlsson.
5:52 of 2nd period - Stopped by Robin Lehner with a rebound.
5:54 of 2nd period - Slapshot by Colton Parayko.
5:54 of 2nd period - Shot Misses the Net.
6:08 of 2nd period - Slapshot by Max Domi.
6:08 of 2nd period - Shot Blocked by Joel Armia.
6:10 of 2nd period - Slapshot by Jaden Schwartz.
6:10 of 2nd period - Shot Misses the Net.
6:12 of 2nd period - Snap shot by Jaden Schwartz.
6:12 of 2nd period - Goal by Jaden Schwartz - Capitals : 1 - Golden Seals : 1.
6:13 of 2nd period - Jonathan Toews wins face-off versus Adam Lowry in neutral zone.
6:40 of 2nd period - Ondrej Kase is hit by Cal Clutterbuck and loses puck.
6:47 of 2nd period - Snap shot by Ondrej Kase.
6:47 of 2nd period - Stopped by Robin Lehner with a rebound.
7:54 of 2nd period - Icing by Jonathan Toews.
7:55 of 2nd period - Jonathan Toews wins face-off versus Quinton Byfield in Golden Seals zone.
8:44 of 2nd period - Oliver Ekman-Larsson is hit by Dmitry Kulikov and loses puck.
9:00 of 2nd period - Icing by Dmitry Kulikov.
9:01 of 2nd period - William Karlsson wins face-off versus Andrew Cogliano in Golden Seals zone.
9:10 of 2nd period - Slapshot by Jason Robertson.
9:10 of 2nd period - Stopped by Robin Lehner without a rebound.
9:11 of 2nd period - Nick Suzuki wins face-off versus Adam Lowry in Capitals zone.
9:14 of 2nd period - Wrist shot by Jason Robertson.
9:14 of 2nd period - Stopped by Robin Lehner with a rebound.
9:16 of 2nd period - Snap shot by Nick Suzuki.
9:16 of 2nd period - Stopped by Robin Lehner without a rebound.
9:17 of 2nd period - Adam Lowry wins face-off versus William Karlsson in Capitals zone.
9:26 of 2nd period - Slapshot by Jake Guentzel.
9:26 of 2nd period - Shot Misses the Net.
9:28 of 2nd period - Slapshot by Oliver Ekman-Larsson.
9:28 of 2nd period - Shot Misses the Net.
9:30 of 2nd period - Snap shot by Adam Lowry.
9:30 of 2nd period - Stopped by Andrei Vasilevskiy without a rebound.
9:31 of 2nd period - Nick Suzuki wins face-off versus Derek Grant in Golden Seals zone.
9:31 of 2nd period - Nick Suzuki is hit by Cam York.
9:46 of 2nd period - Minor Penalty to Derek Grant for Tripping.
9:47 of 2nd period - Nick Suzuki wins face-off versus Quinton Byfield in Capitals zone.
9:57 of 2nd period - Snap shot by Nick Suzuki.
9:57 of 2nd period - Goal by Nick Suzuki - Capitals : 1 - Golden Seals : 2.
9:58 of 2nd period - Jonathan Toews wins face-off versus Jake Guentzel in neutral zone.
10:01 of 2nd period - Wrist shot by Bobby Brink.
10:01 of 2nd period - Stopped by Robin Lehner with a rebound.
10:13 of 2nd period - Snap shot by Jake Guentzel.
10:13 of 2nd period - Shot Misses the Net.
10:15 of 2nd period - Slapshot by Justin Schultz.
10:15 of 2nd period - Stopped by Andrei Vasilevskiy with a rebound.
10:25 of 2nd period - Bobby Brink is hit by Oliver Ekman-Larsson and loses puck.
10:40 of 2nd period - Wrist shot by Robby Fabbri.
10:40 of 2nd period - Shot Misses the Net.
10:42 of 2nd period - Slapshot by Cody Ceci.
10:42 of 2nd period - Deflect By Jonathan Toews.
10:42 of 2nd period - Stopped by Robin Lehner with a rebound.
10:44 of 2nd period - Slapshot by Cody Ceci.
10:44 of 2nd period - Shot Blocked by Oliver Ekman-Larsson.
10:46 of 2nd period - Slapshot by Robby Fabbri.
10:46 of 2nd period - Shot Misses the Net.
11:04 of 2nd period - Snap shot by Bobby Brink.
11:04 of 2nd period - Shot Blocked by Justin Schultz.
11:14 of 2nd period - Justin Schultz is hit by Bobby Brink and loses puck.
11:43 of 2nd period - Slapshot by Bobby Brink.
11:43 of 2nd period - Shot Blocked by Kyle Palmieri.
11:45 of 2nd period - Snap shot by Bobby Brink.
11:45 of 2nd period - Stopped by Robin Lehner with a rebound.
11:53 of 2nd period - Slapshot by Robby Fabbri.
11:53 of 2nd period - Shot Misses the Net.
11:55 of 2nd period - Snap shot by Bobby Brink.
11:55 of 2nd period - Stopped by Robin Lehner without a rebound.
11:56 of 2nd period - Tyler Toffoli wins face-off versus Derek Grant in Capitals zone.
11:57 of 2nd period - Slapshot by Jason Robertson.
11:57 of 2nd period - Stopped by Robin Lehner with a rebound.
12:11 of 2nd period - Snap shot by Jason Robertson.
12:11 of 2nd period - Deflect By Tyler Toffoli.
12:11 of 2nd period - Shot Misses the Net.
12:11 of 2nd period - Puck is out of play.
12:12 of 2nd period - Adam Lowry wins face-off versus Max Domi in Capitals zone.
12:21 of 2nd period - Jaden Schwartz is hit by Adam Lowry and loses puck.
12:28 of 2nd period - Adam Lowry is hit by Max Domi and loses puck.
12:39 of 2nd period - Ryan Suter is hit by Cal Clutterbuck and loses puck.
13:35 of 2nd period - Jake McCabe is hit by Zach Bogosian and loses puck.
14:43 of 2nd period - Tyler Toffoli is hit by Isac Lundestrom and loses puck.
15:41 of 2nd period - Ryan Suter is hit by Adam Lowry and loses puck.
16:44 of 2nd period - William Karlsson is hit by Jake Guentzel and loses puck.
17:34 of 2nd period - Marc-Edouard Vlasic is hit by Barclay Goodrow and loses puck.
18:31 of 2nd period - Colton Parayko is hit by Zach Bogosian.
18:32 of 2nd period - Icing by Colton Parayko.
18:33 of 2nd period - Quinton Byfield wins face-off versus Barclay Goodrow in Golden Seals zone.
18:44 of 2nd period - Wrist shot by Quinton Byfield.
18:44 of 2nd period - Shot Blocked by Colton Parayko.
18:46 of 2nd period - Slapshot by Oliver Ekman-Larsson.
18:46 of 2nd period - Deflect By Jake McCabe.
18:46 of 2nd period - Stopped by Andrei Vasilevskiy without a rebound.
18:47 of 2nd period - Adam Lowry wins face-off versus Nick Suzuki in Golden Seals zone.
18:54 of 2nd period - Wrist shot by Joel Eriksson Ek.
18:54 of 2nd period - Deflect By Jake Guentzel.
18:54 of 2nd period - Shot Misses the Net.
18:54 of 2nd period - Puck is out of play.
18:55 of 2nd period - Adam Lowry wins face-off versus Nick Suzuki in Golden Seals zone.
19:09 of 2nd period - Off-side.
19:10 of 2nd period - Derek Grant wins face-off versus William Karlsson in neutral zone.
19:23 of 2nd period - Snap shot by Derek Grant.
19:23 of 2nd period - Shot Misses the Net.
Goals for this period are 0 for Capitals vs 2 for Golden Seals.
Shots for this period are 5 for Capitals vs 14 for Golden Seals.

3rd period


0:01 of 3rd period - Max Domi wins face-off versus Derek Grant in neutral zone.
0:26 of 3rd period - Ryan Suter is hit by Jake Guentzel and loses puck.
0:32 of 3rd period - Off-side.
0:33 of 3rd period - Nick Suzuki wins face-off versus Joel Eriksson Ek in neutral zone.
0:40 of 3rd period - Wrist shot by Jason Robertson.
0:40 of 3rd period - Deflect By Tyler Toffoli.
0:40 of 3rd period - Shot Blocked by Zach Bogosian.
0:40 of 3rd period - Puck is out of play.
0:41 of 3rd period - Nick Suzuki wins face-off versus Cal Clutterbuck in Capitals zone.
0:58 of 3rd period - Slapshot by Nick Suzuki.
0:58 of 3rd period - Stopped by Robin Lehner without a rebound.
0:59 of 3rd period - William Karlsson wins face-off versus Adam Lowry in Capitals zone.
1:15 of 3rd period - Minor Penalty to Max Domi for Roughing.
1:16 of 3rd period - Jason Robertson wins face-off versus Jake Guentzel in Golden Seals zone.
1:30 of 3rd period - Slapshot by Jake Guentzel.
1:30 of 3rd period - Goal by Jake Guentzel - Capitals : 2 - Golden Seals : 2.
1:31 of 3rd period - Derek Grant wins face-off versus Nick Suzuki in neutral zone.
1:34 of 3rd period - Slapshot by Oliver Ekman-Larsson.
1:34 of 3rd period - Shot Blocked by Cody Ceci.
1:58 of 3rd period - Joel Eriksson Ek is hit by Robby Fabbri and loses puck.
2:03 of 3rd period - Snap shot by Bobby Brink.
2:03 of 3rd period - Shot Misses the Net.
2:05 of 3rd period - Snap shot by Robby Fabbri.
2:05 of 3rd period - Stopped by Robin Lehner without a rebound.
2:06 of 3rd period - Derek Grant wins face-off versus William Karlsson in Capitals zone.
2:19 of 3rd period - Snap shot by Derek Grant.
2:19 of 3rd period - Deflect By Adam Fantilli.
2:19 of 3rd period - Shot Blocked by Jake McCabe.
2:19 of 3rd period - Puck is out of play.
2:20 of 3rd period - Adam Lowry wins face-off versus Nick Suzuki in Golden Seals zone.
3:34 of 3rd period - Wrist shot by Kyle Palmieri.
3:34 of 3rd period - Stopped by Andrei Vasilevskiy without a rebound.
3:35 of 3rd period - William Karlsson wins face-off versus Derek Grant in Golden Seals zone.
3:40 of 3rd period - Snap shot by Derek Grant.
3:40 of 3rd period - Shot Blocked by Dmitry Kulikov.
3:42 of 3rd period - Snap shot by Derek Grant.
3:42 of 3rd period - Stopped by Andrei Vasilevskiy with a rebound.
3:44 of 3rd period - Snap shot by Cal Clutterbuck.
3:44 of 3rd period - Stopped by Andrei Vasilevskiy without a rebound.
3:45 of 3rd period - Derek Grant wins face-off versus Jaden Schwartz in Golden Seals zone.
3:46 of 3rd period - Wrist shot by Adam Fantilli.
3:46 of 3rd period - Stopped by Andrei Vasilevskiy with a rebound.
4:03 of 3rd period - Slapshot by Justin Schultz.
4:03 of 3rd period - Deflect By Jaden Schwartz.
4:03 of 3rd period - Stopped by Andrei Vasilevskiy without a rebound.
4:04 of 3rd period - Adam Lowry wins face-off versus Jonathan Toews in Golden Seals zone.
4:31 of 3rd period - Cody Ceci is hit by Cal Clutterbuck and loses puck.
4:40 of 3rd period - Slapshot by Adam Fantilli.
4:40 of 3rd period - Shot Blocked by Ryan Suter.
4:42 of 3rd period - Slapshot by Justin Schultz.
4:42 of 3rd period - Stopped by Andrei Vasilevskiy with a rebound.
4:44 of 3rd period - Snap shot by Adam Fantilli.
4:44 of 3rd period - Shot Blocked by William Karlsson.
4:58 of 3rd period - Max Domi is hit by Oliver Ekman-Larsson and loses puck.
5:17 of 3rd period - Elias Pettersson is hit by Nick Suzuki and loses puck.
5:22 of 3rd period - Snap shot by Jason Robertson.
5:22 of 3rd period - Shot Misses the Net.
5:24 of 3rd period - Slapshot by Ryan Suter.
5:24 of 3rd period - Shot Blocked by Elias Pettersson.
5:59 of 3rd period - Off-side.
6:00 of 3rd period - Derek Grant wins face-off versus Barclay Goodrow in neutral zone.
6:31 of 3rd period - Snap shot by Nick Suzuki.
6:31 of 3rd period - Shot Blocked by Cam York.
6:51 of 3rd period - Jaden Schwartz is hit by Kyle Palmieri and loses puck.
7:08 of 3rd period - Zach Bogosian is hit by Robby Fabbri and loses puck.
7:27 of 3rd period - Snap shot by Elias Pettersson.
7:27 of 3rd period - Shot Misses the Net.
7:34 of 3rd period - Slapshot by Cam York.
7:34 of 3rd period - Stopped by Andrei Vasilevskiy with a rebound.
7:36 of 3rd period - Wrist shot by Elias Pettersson.
7:36 of 3rd period - Goal by Elias Pettersson - Capitals : 3 - Golden Seals : 2.
7:37 of 3rd period - Nick Suzuki wins face-off versus Jake Guentzel in neutral zone.
8:27 of 3rd period - Snap shot by Jonathan Toews.
8:27 of 3rd period - Stopped by Robin Lehner with a rebound.
8:29 of 3rd period - Wrist shot by Jake McCabe.
8:29 of 3rd period - Shot Blocked by Marc-Edouard Vlasic.
8:31 of 3rd period - Snap shot by Jake McCabe.
8:31 of 3rd period - Stopped by Robin Lehner with a rebound.
8:33 of 3rd period - Snap shot by Jonathan Toews.
8:33 of 3rd period - Stopped by Robin Lehner with a rebound.
9:03 of 3rd period - Nick Suzuki is hit by Joel Eriksson Ek and loses puck.
9:24 of 3rd period - Zach Bogosian is hit by Dmitry Kulikov and loses puck.
9:49 of 3rd period - Robby Fabbri is hit by Kyle Palmieri and loses puck.
9:58 of 3rd period - Wrist shot by Kyle Palmieri.
9:58 of 3rd period - Shot Misses the Net.
10:00 of 3rd period - Slapshot by Zach Bogosian.
10:00 of 3rd period - Stopped by Andrei Vasilevskiy without a rebound.
10:01 of 3rd period - Adam Lowry wins face-off versus Nick Suzuki in Golden Seals zone.
10:54 of 3rd period - Quinton Byfield is hit by Jaden Schwartz and loses puck.
11:25 of 3rd period - Snap shot by Joel Armia.
11:25 of 3rd period - Stopped by Andrei Vasilevskiy with a rebound.
11:27 of 3rd period - Slapshot by Damon Severson.
11:27 of 3rd period - Shot Misses the Net.
12:06 of 3rd period - Off-side.
12:07 of 3rd period - Adam Lowry wins face-off versus Nick Suzuki in neutral zone.
12:18 of 3rd period - Wrist shot by Jake Guentzel.
12:18 of 3rd period - Stopped by Andrei Vasilevskiy without a rebound.
12:19 of 3rd period - Adam Lowry wins face-off versus Jason Robertson in Golden Seals zone.
13:12 of 3rd period - Snap shot by Barclay Goodrow.
13:12 of 3rd period - Stopped by Robin Lehner with a rebound.
13:47 of 3rd period - Marc-Edouard Vlasic is hit by Dysin Mayo and loses puck.
13:56 of 3rd period - Minor Penalty to Derek Grant for Roughing.
13:57 of 3rd period - Nick Suzuki wins face-off versus Quinton Byfield in Capitals zone.
15:12 of 3rd period - Jonathan Toews is hit by Jake Guentzel and loses puck.
15:33 of 3rd period - Robby Fabbri is hit by Zach Bogosian and loses puck.
15:56 of 3rd period - Penalty to Derek Grant is over, Derek Grant is back on ice.
16:12 of 3rd period - Barclay Goodrow is hit by Derek Grant and loses puck.
16:45 of 3rd period - Damon Severson is hit by Cody Ceci.
17:54 of 3rd period - Jake McCabe is hit by Quinton Byfield and loses puck.
18:01 of 3rd period - Snap shot by Joel Armia.
18:01 of 3rd period - Stopped by Andrei Vasilevskiy with a rebound.
18:03 of 3rd period - Wrist shot by Joel Armia.
18:03 of 3rd period - Stopped by Andrei Vasilevskiy with a rebound.
18:05 of 3rd period - Slapshot by Cam York.
18:05 of 3rd period - Deflect By Barclay Goodrow.
18:05 of 3rd period - Stopped by Andrei Vasilevskiy without a rebound.
18:06 of 3rd period - Jake Guentzel wins face-off versus William Karlsson in Golden Seals zone.
18:09 of 3rd period - Wrist shot by Joel Eriksson Ek.
18:09 of 3rd period - Deflect By Jake Guentzel.
18:09 of 3rd period - Stopped by Andrei Vasilevskiy with a rebound.
19:04 of 3rd period - Golden Seals, Andrei Vasilevskiy is pulled from the net.
19:04 of 3rd period - Slapshot by Jake McCabe.
19:04 of 3rd period - Stopped by Robin Lehner with a rebound.
19:08 of 3rd period - Wrist shot by Jason Robertson.
19:08 of 3rd period - Shot Hit the Post.
19:31 of 3rd period - Wrist shot by Nick Suzuki.
19:31 of 3rd period - Deflect By Jake Guentzel.
19:31 of 3rd period - Goal by Nick Suzuki - Capitals : 3 - Golden Seals : 3.
19:31 of 3rd period - Andrei Vasilevskiy from Golden Seals was sent back in the game.
19:32 of 3rd period - Adam Lowry wins face-off versus Ondrej Kase in neutral zone.
Goals for this period are 2 for Capitals vs 1 for Golden Seals.
Shots for this period are 16 for Capitals vs 8 for Golden Seals.

Overtime #1


0:01 of 1st overtime period - Nick Suzuki wins face-off versus Elias Pettersson in neutral zone.
0:34 of 1st overtime period - Snap shot by Adam Lowry.
0:34 of 1st overtime period - Deflect By Jonathan Toews.
0:34 of 1st overtime period - Stopped by Andrei Vasilevskiy with a rebound.
1:08 of 1st overtime period - Cam York is hit by Jake McCabe and loses puck.
2:37 of 1st overtime period - Slapshot by Isac Lundestrom.
2:37 of 1st overtime period - Stopped by Andrei Vasilevskiy with a rebound.
3:23 of 1st overtime period - Snap shot by Jason Robertson.
3:23 of 1st overtime period - Stopped by Robin Lehner with a rebound.
4:12 of 1st overtime period - Jaden Schwartz is hit by Cam York and loses puck.
4:57 of 1st overtime period - Kyle Palmieri is hit by Jaden Schwartz and loses puck.
Goals for this period are 0 for Capitals vs 0 for Golden Seals.
Shots for this period are 2 for Capitals vs 1 for Golden Seals.

ShootOut


5:00 of 1st overtime period - Round #1.
5:00 of 1st overtime period - Capitals, Jake Guentzel.
5:00 of 1st overtime period - Backhand shot by Jake Guentzel.
5:00 of 1st overtime period - Stopped by Andrei Vasilevskiy.
5:00 of 1st overtime period - Golden Seals, Nick Suzuki.
5:00 of 1st overtime period - Wrist shot by Nick Suzuki.
5:00 of 1st overtime period - Stopped by Robin Lehner.
5:00 of 1st overtime period - Round #2.
5:00 of 1st overtime period - Capitals, Joel Eriksson Ek.
5:00 of 1st overtime period - Snap shot by Joel Eriksson Ek.
5:00 of 1st overtime period - Stopped by Andrei Vasilevskiy.
5:00 of 1st overtime period - Golden Seals, Jason Robertson.
5:00 of 1st overtime period - Deke by Jason Robertson.
5:00 of 1st overtime period - Goal by Jason Robertson.
5:00 of 1st overtime period - Round #3.
5:00 of 1st overtime period - Capitals, Elias Pettersson.
5:00 of 1st overtime period - Wrist shot by Elias Pettersson.
5:00 of 1st overtime period - Shot Misses the Net.




Output by the SimonT Hockey Simulator (STHS) for Eric Tremblay - Original Page W3C HTML5 Valid
Hockey Simulator - Hockey Simulation - Hockey Manager